 Dungeon Crawl Stone Soup version 0.31-a0-237-g2d982f9f85 (webtiles) character file.

Game seed: 8612080371795909285

15715 qw the Skirmisher (level 12, -2/76 HPs)
             Began as a Gargoyle Hexslinger on July 10, 2023.
             Was a High Priest of Okawaru.
             Slain by a black mamba (10 damage)
             ... on level 3 of the Lair of Beasts.
             The game lasted 00:03:36 (9648 turns).

qw the Skirmisher (Gargoyle Hexslinger)             Turns: 9648, Time: 00:03:37

Health: -2/76      AC: 31    Str: 13    XL:     12   Next: 29%
Magic:  16/18      EV: 20    Int: 14    God:    Okawaru [*****.]
Gold:   373        SH:  0    Dex: 16    Spells: 12/13 levels left

rFire   . . .        c - +2 arbalest (heavy)
rCold   . . .        (shield currently unavailable)
rNeg    + . .        n - quicksilver dragon scales
rPois   inf          d - +0 helmet
rElec   +            e - +2 cloak
rCorr   .            f - +0 pair of gloves
SInv    +            b - +0 pair of boots
Will    +....        (no amulet)
Stlth   ++           i - ring of see invisible
HPRegen 0.32/turn    m - +5 ring of evasion
MPRegen 0.16/turn

%: no passive effects
@: heroic
A: sickness immunity, AC +8, negative energy resistance 1, electricity
resistance, torment resistance 1, petrification resistance
a: Renounce Religion, Heroism, Finesse, Duel


You were on level 3 of the Lair of Beasts.
You worshipped Okawaru.
Okawaru was extremely pleased with you.
You visited 3 branches of the dungeon, and saw 14 of its levels.

You collected 508 gold pieces.
You spent 135 gold pieces at shops.


Innate Abilities, Weirdness & Mutations

You are immune to sickness and miasma.
Your stone body is resilient. (AC +8)
You are immune to poison.
You resist negative energy. (rN+)
You are resistant to electric shocks. (rElec)
You are resistant to unholy torment.
You are immune to petrification.


   Skills:
 - Level 9.1(14.1) Fighting
 - Level 14.0(19.0) Ranged Weapons
 + Level 7.2(12.2) Armour
 - Level 4.1(9.1) Dodging
 - Level 1.0 Spellcasting
 - Level 2.6 Hexes
 + Level 8.6 Invocations


You had 12 spell levels left.
You knew the following spells:

 Your Spells              Type           Power      Damage    Failure   Level
a - Slow                  Hex            32%        N/A       16%         1

Your spell library contained the following spells:

 Spells                   Type           Power      Damage    Failure   Level
 Inner Flame              Hex/Fire       4%         N/A       61%         3
 Portal Projectile        Hex/Tloc       8%         N/A       61%         3
 Cause Fear               Hex            4%         N/A       83%         4

Inventory:

Hand Weapons
 c - a +2 heavy arbalest (weapon)
Armour
 b - a +0 pair of boots (worn)
 d - a +0 helmet (worn)
 e - a +2 cloak (worn)
 f - a +0 pair of gloves (worn)
 n - quicksilver dragon scales (worn)
Jewellery
 i - a ring of see invisible (left hand)
 l - a ring of resist corrosion
 m - a +5 ring of evasion (right hand)
 p - a ring of fire
 s - a ring of positive energy
 v - a ring of protection from cold
Wands
 u - a wand of digging (4)
Scrolls
 h - a scroll of identify
Potions
 a - a potion of haste
 g - a potion of enlightenment
 k - a potion of might
 o - a potion of curing

Dungeon Overview and Level Annotations

Branches:
Dungeon (8/15)             Temple (1/1) D:5            Lair (5/5) D:8
 Spider (0/4) Lair:3
  Swamp: Lair:2-3    Shoals: Lair:2-3     Slime: Lair:4-5

Altars:
Ashenzari
Cheibriados
Elyvilon
Fedhas
Gozag
Hepliaklqana
Kikubaaqudgha
Makhleb
Nemelex Xobeh
Okawaru
Qazlal
Ru
Sif Muna
Trog
Uskayaw
Vehumet
Wu Jian
Xom
Yredelemnul
Zin
The Shining One

Shops:
D:4 *   D:5 [   D:8 ([(

Annotations:
D:3 3 runed translucent doors, qw's ghost, weakling GrHs
D:8 2 transporters, qw's ghost, novice GrFi
Lair:1 exclusion: oklob plant


Message History

You kill the elephant!
Okawaru accepts your kill.
The elephant tramples you but does no damage.
The elephant completely misses you. The elephant misses you.
The elephant closely misses you.
The eight-headed hydra bites you but does no damage.
The eight-headed hydra barely misses you.
The eight-headed hydra bites you but does no damage. x2
The eight-headed hydra closely misses you.
The eight-headed hydra bites you!
The eight-headed hydra bites you but does no damage. x2
You shoot a bolt. The bolt hits the eight-headed hydra!
The eight-headed hydra is lightly wounded.
The black mamba bites you!
The elephant tramples you but does no damage.
The elephant closely misses you.
The elephant tramples you but does no damage.
The elephant closely misses you.
The eight-headed hydra completely misses you.
The eight-headed hydra bites you but does no damage. x2
The eight-headed hydra completely misses you.
The eight-headed hydra closely misses you.
The eight-headed hydra barely misses you.
The eight-headed hydra bites you but does no damage. x2
The black mamba bites you but does no damage.
The elephant closely misses you. The elephant completely misses you.
The elephant closely misses you.
The elephant trunk-slaps you but does no damage.
9648 ||| DRINKING potion of heal wounds.
You feel much better. The black mamba closely misses you.
The eight-headed hydra bites you but does no damage.
The eight-headed hydra bites you. The eight-headed hydra misses you. x2
The eight-headed hydra bites you!
The eight-headed hydra bites you but does no damage.
The eight-headed hydra bites you! The eight-headed hydra misses you.
The elephant closely misses you. x2; The elephant barely misses you.
The elephant trunk-slaps you but does no damage.
The black mamba bites you!
You die...

##.... #.#%###
##....##### ##
########.#....##.# ..
...##............##
#.##..=..P.....%......#
..>....P......[......##
.#%.#..........YSY...##
...#.P..##.....D@.....##
#..#.........#......%..#
.....#.#..^.###...^...##
.....P......###^......#
....%.......#^##^..^..#
.#.....#....^^^##....##
...#.....^...^^^#...).#
##.##..#.....^>^..^..##
#####....!.^^^^...#.#


You could see an eight-headed hydra, 2 elephants and a black mamba.

Vanquished Creatures
  Harold (Lair:1)
  A catoblepas (Lair:5)
  A hydra (Lair:2)
  A boulder beetle (Lair:2)
  A skyshark (Lair:3)
  A torpor snail (Lair:3)
  6 elephants
  2 cane toads (Lair:5)
  Maggie (Lair:1)
  3 komodo dragons
  Psyche (D:8)
  A polar bear (Lair:1)
  17 yaks
  Sigmund (D:6)
  A wyvern (Lair:2)
  A basilisk (Lair:3)
  4 redbacks (Lair:3)
  2 steam dragons (D:6)
  7 water moccasins
  3 black bears
  4 sky beasts
  3 ice beasts
  An orc warrior (D:6)
  6 wolves (Lair:5)
  14 bullfrogs
  A scorpion (D:5)
  5 wights (D:7)
  4 killer bees (D:7)
  4 howler monkeys
  An orc priest (D:4)
  6 jellies
  6 hounds
  2 sleepcaps
  A gnoll bouda (D:5)
  Ijyb (D:3)
  6 iguanas
  An orc wizard (D:5)
  A statue (D:7)
  11 gnolls
  12 adders
  A shadow imp (D:8)
  2 worms
  2 dart slugs
  15 orcs
  9 ball pythons
  2 giant cockroaches
  8 goblins
  5 hobgoblins
  4 kobolds
  2 quokkas
  2 bats
  5 frilled lizards
  4 rats
207 creatures vanquished.

Vanquished Creatures (others)
  A scorpion (D:6)
1 creature vanquished.

Grand Total: 208 creatures vanquished

Notes
Turn   | Place    | Note
-------+----------+-------------------------------------------
     0 | D:1      | qw the Gargoyle Hexslinger began the quest for the Orb.
     0 | D:1      | Reached XP level 1. HP: 12/12 MP: 2/2
     0 | D:1      | 0 ||| qw: Version: 0.3-a-52-g30416fa
     0 | D:1      | 0 ||| qw: Game counter: 5248
     0 | D:1      | 0 ||| qw: Melee chars always use a shield: true
     0 | D:1      | 0 ||| qw: God list: Okawaru
     0 | D:1      | 0 ||| qw: Allow faded altars: false
     0 | D:1      | 0 ||| qw: Do Orc after clearing Dungeon:15 true
     0 | D:1      | 0 ||| qw: Do second Lair branch before Depths: true
     0 | D:1      | 0 ||| qw: Lair rune preference: random
     0 | D:1      | 0 ||| qw: Goals: Normal
     0 | D:1      | 0 ||| PLANNING D:1-11
   130 | D:1      | Found a faded altar of an unknown god.
   225 | D:1      | Reached XP level 2. HP: 16/16 MP: 3/3
   276 | D:1      | Reached skill level 3 in Ranged Weapons
   732 | D:1      | 732 ||| UPGRADING to +0 helmet.
   737 | D:1      | 737 ||| UPGRADING to +0 pair of gloves.
   742 | D:1      | 742 ||| UPGRADING to ring of positive energy.
   743 | D:1      | 743 ||| DROPPING scroll of poison.
   979 | D:2      | Reached XP level 3. HP: 21/21 MP: 4/4
  1115 | D:2      | Identified the +5 dagger "Trog's Brutal Revenge" {vamp, rN+
                  | Will+}
  1373 | D:2      | 1373 ||| UPGRADING to +0 pair of boots.
  1378 | D:2      | 1378 ||| DROPPING ring of magical power.
  1379 | D:2      | 1379 ||| READING 2 scrolls labelled JYHEOT IRYOPP.
  1380 | D:2      | 1380 ||| READING scroll labelled POVUPNEFUH.
  1381 | D:2      | 1381 ||| READING scroll labelled NONITWI NOUPN.
  1482 | D:2      | 1482 ||| READING scroll labelled IQYLER CYFI.
  1483 | D:2      | 1483 ||| READING scroll labelled ZARUONWY LUMATEM.
  1484 | D:2      | 1484 ||| READING scroll labelled TOSYPT ERGHI.
  1485 | D:2      | 1485 ||| DROPPING scroll of fog.
  1549 | D:3      | Found a burning altar of Makhleb.
  1634 | D:3      | Reached XP level 4. HP: 26/26 MP: 5/5
  1712 | D:3      | Found Soot's Magic Scroll Shop.
  1758 | D:3      | Reached skill level 4 in Ranged Weapons
  1862 | D:3      | Noticed qw's ghost (weakling GrHs)
  1900 | D:3      | Found a hazy altar of Hepliaklqana.
  1909 | D:3      | Noticed Ijyb
  1928 | D:3      | Killed Ijyb
  1929 | D:3      | Reached XP level 5. HP: 21/30 MP: 6/6
  1983 | D:3      | Found a runed translucent gate.
  1984 | D:3      | Found a runed translucent gate.
  1985 | D:3      | Found a runed translucent gate.
  2048 | D:3      | Reached skill level 5 in Ranged Weapons
  2239 | D:3      | 2239 ||| Stepping ~*~*~tactically~*~*~ (outnumbered).
  2262 | D:3      | HP: 7/32 [gnoll/+0 spear (6)]
  2266 | D:3      | Reached skill level 3 in Fighting
  2368 | D:3      | Found a bloodstained altar of Trog.
  2646 | D:3      | 2646 ||| UPGRADING to +0 leather armour.
  2656 | D:3      | 2656 ||| DROPPING +0 robe.
  2657 | D:3      | 2657 ||| READING scroll labelled HOGAEG GAPY.
  2657 | D:3      | Identified a scroll of acquirement
  2657 | D:3      | 2657 ||| ACQUIRING +0 heavy arbalest
  2657 | D:3      | Acquired a +0 heavy arbalest
  2659 | D:3      | 2659 ||| SWAPPING to +0 heavy arbalest.
  2660 | D:3      | 2660 ||| DROPPING +2 sling.
  2661 | D:3      | 2661 ||| READING 2 scrolls labelled NOSSUI ECHINNU.
  2662 | D:3      | 2662 ||| DRINKING 2 yellow potions.
  2728 | D:4      | Found Etzugg's Overcharged Wands.
  2733 | D:4      | Reached skill level 1 in Armour
  2733 | D:4      | Reached XP level 6. HP: 37/37 MP: 7/7
  2740 | D:4      | 2740 ||| SHOPLISTING wand of digging (11) (693 gold, have
                  | 142).
  2769 | D:4      | Identified the +9 hand axe "Hupof" {heavy, Will+ Stlth+}
  3008 | D:4      | Reached skill level 6 in Ranged Weapons
  3264 | D:4      | 3264 ||| UPGRADING to +5 ring of evasion.
  3265 | D:4      | 3265 ||| READING scroll labelled UZAFAIHERU.
  3269 | D:4      | 3269 ||| READING scroll labelled EPILIO EZXAHIU.
  3270 | D:4      | 3270 ||| READING scroll labelled HEEPNUECKU.
  3288 | D:5      | Entered Level 5 of the Dungeon
  3304 | D:5      | Noticed a black bear
  3308 | D:5      | Killed a black bear
  3309 | D:5      | Reached XP level 7. HP: 32/44 MP: 8/8
  3643 | D:5      | Found a staircase to the Ecumenical Temple.
  3644 | D:5      | 3644 ||| PLANNING TEMPLE
  3644 | D:5      | 3644 ||| UPGRADING to +0 cloak.
  3649 | D:5      | 3649 ||| UPGRADING to +0 ring mail.
  3659 | D:5      | 3659 ||| DROPPING +0 leather armour.
  3667 | Temple   | Entered the Ecumenical Temple
  3711 | Temple   | 3711 ||| PLANNING OKAWARU WORSHIP
  3782 | Temple   | Became a worshipper of Warmaster Okawaru
  3783 | Temple   | 3783 ||| PLANNING D:1-11
  4029 | D:5      | Reached skill level 7 in Ranged Weapons
  4206 | D:5      | Found Xuiwkoos's Antique Armour Boutique.
  4209 | D:5      | 4209 ||| BUYING glowing leather armour (135 gold).
  4209 | D:5      | Bought a glowing leather armour for 135 gold pieces
  4209 | D:5      | 4209 ||| SHOPLISTING runed leather armour (135 gold, have
                  | 67).
  4209 | D:5      | 4209 ||| SHOPLISTING warped ring mail (243 gold, have 67).
  4399 | D:5      | Found a sparkling altar of Nemelex Xobeh.
  4405 | D:5      | Found a snail-covered altar of Cheibriados.
  4409 | D:5      | Found a glowing golden altar of the Shining One.
  4410 | D:5      | 4410 ||| UPGRADING to +3 leather armour of poison
                  | resistance.
  4420 | D:5      | 4420 ||| DROPPING +0 ring mail.
  4421 | D:5      | 4421 ||| UPGRADING to ring of see invisible.
  4423 | D:5      | 4423 ||| READING scroll labelled DUWNEX TEIZXIMNUG.
  4478 | D:6      | Noticed Sigmund
  4507 | D:6      | Killed Sigmund
  4508 | D:6      | Reached XP level 8. HP: 36/48 MP: 9/9
  4563 | D:6      | Reached skill level 8 in Ranged Weapons
  4564 | D:6      | Reached * piety under Okawaru
  4610 | D:6      | Found an ornate altar of the Wu Jian Council.
  4627 | D:6      | 4627 ||| INVOKING Heroism.
  4691 | D:6      | Reached skill level 1 in Invocations
  4704 | D:6      | 4704 ||| INVOKING Heroism.
  4732 | D:6      | 4732 ||| INVOKING Heroism.
  4749 | D:6      | Found a blossoming altar of Fedhas.
  4836 | D:6      | Found a shimmering altar of Xom.
  4837 | D:6      | 4837 ||| INVOKING Heroism.
  4843 | D:6      | Reached skill level 3 in Invocations
  4844 | D:6      | Reached skill level 9 in Ranged Weapons
  4846 | D:6      | Reached XP level 9. HP: 54/54 MP: 8/11
  4849 | D:6      | 4849 ||| INVOKING Heroism.
  4851 | D:6      | Reached skill level 6 in Fighting
  5011 | D:6      | 5011 ||| READING scroll labelled ENTAKKAX NANIDATZ.
  5012 | D:6      | 5012 ||| DRINKING 2 cyan potions.
  5117 | D:7      | Found a radiant altar of Vehumet.
  5118 | D:7      | 5118 ||| INVOKING Heroism.
  5246 | D:7      | 5246 ||| READING scroll of enchant weapon.
  5246 | D:7      | 5246 ||| ENCHANTING +0 heavy arbalest.
  5313 | D:7      | Reached ** piety under Okawaru
  5314 | D:7      | Reached skill level 10 in Ranged Weapons
  5548 | D:7      | Reached skill level 3 in Dodging
  5554 | D:7      | Reached skill level 3 in Armour
  5897 | D:7      | 5897 ||| UPGRADING to +2 cloak.
  5907 | D:7      | 5907 ||| DROPPING +0 cloak.
  5908 | D:7      | 5908 ||| DRINKING 2 viscous ruby potions.
  5909 | D:7      | 5909 ||| DRINKING 2 lumpy sapphire potions.
  5952 | D:7      | 5952 ||| READING 3 scrolls of identify.
  5952 | D:7      | 5952 ||| IDENTIFYING fuming green potion
  5953 | D:7      | 5953 ||| READING 2 scrolls of identify.
  5953 | D:7      | 5953 ||| IDENTIFYING metallic yellow potion
  5954 | D:7      | 5954 ||| DROPPING potion of lignification.
  5998 | D:8      | Reached XP level 10. HP: 63/63 MP: 13/13
  6023 | D:8      | Found a staircase to the Lair.
  6039 | D:8      | 6039 ||| INVOKING Heroism.
  6045 | D:8      | Reached skill level 11 in Ranged Weapons
  6149 | D:8      | Reached *** piety under Okawaru
  6156 | D:8      | 6156 ||| INVOKING Heroism.
  6232 | D:8      | Found Wanoi's Antique Weapon Shop.
  6245 | D:8      | 6245 ||| SHOPLISTING glowing orcbow (214 gold, have 177).
  6252 | D:8      | Found a transporter.
  6264 | D:8      | Found an opulent altar of Gozag.
  6342 | D:8      | Identified the +4 ring mail of Iwnenidd {Str+2}
  6453 | D:8      | Found Uhostosch's Armour Shoppe.
  6491 | D:8      | Found a stormy altar of Qazlal.
  6599 | D:8      | Noticed Psyche
  6600 | D:8      | 6600 ||| INVOKING Heroism.
  6602 | D:8      | Killed Psyche
  6643 | D:8      | Found a transporter.
  6660 | D:8      | Identified the ring "Pogacoul" {*Slow rPois Will+++ Str-3
                  | Int+6}
  6711 | D:8      | Found Tyekutan's Weapon Shop.
  6719 | D:8      | 6719 ||| SHOPLISTING +2 heavy hand crossbow (237 gold, have
                  | 226).
  6757 | D:8      | Noticed qw's ghost (novice GrFi)
  6787 | D:8      | 6787 ||| PLANNING LAIR
  6787 | D:8      | 6787 ||| UPGRADING to +4 ring mail of Iwnenidd {Str+2}.
  6797 | D:8      | 6797 ||| DROPPING +3 leather armour of poison resistance.
  6798 | D:8      | 6798 ||| READING scroll labelled CAIRIE HOJU.
  6799 | D:8      | 6799 ||| READING 2 scrolls of identify.
  6799 | D:8      | 6799 ||| IDENTIFYING inky potion
  6800 | D:8      | 6800 ||| DROPPING potion of attraction.
  6846 | Lair:1   | Entered Level 1 of the Lair of Beasts
  6849 | Lair:1   | Noticed an oklob plant
  6850 | Lair:1   | 6850 ||| INVOKING Heroism.
  6852 | Lair:1   | 6852 ||| FLEEEEING.
  6855 | Lair:1   | 6855 ||| STAIRDANCE
  6909 | Lair:1   | 6909 ||| FLEEEEING.
  6912 | Lair:1   | 6912 ||| STAIRDANCE
  7011 | Lair:1   | 7011 ||| INVOKING Heroism.
  7027 | Lair:1   | 7027 ||| INVOKING Heroism.
  7177 | Lair:1   | Noticed Maggie
  7180 | Lair:1   | Killed Maggie
  7342 | Lair:1   | Reached skill level 12 in Ranged Weapons
  7345 | Lair:1   | 7345 ||| INVOKING Heroism.
  7592 | Lair:1   | Noticed Harold
  7593 | Lair:1   | 7593 ||| INVOKING Heroism.
  7598 | Lair:1   | Killed Harold
  7598 | Lair:1   | Reached **** piety under Okawaru
  7599 | Lair:1   | Reached skill level 13 in Ranged Weapons
  7599 | Lair:1   | Reached XP level 11. HP: 68/68 MP: 12/14
  7802 | Lair:1   | 7802 ||| INVOKING Heroism.
  8039 | Lair:1   | 8039 ||| READING 3 scrolls of identify.
  8039 | Lair:1   | 8039 ||| IDENTIFYING glowing yellow potion
  8040 | Lair:1   | 8040 ||| READING 2 scrolls of identify.
  8040 | Lair:1   | 8040 ||| IDENTIFYING bubbling cyan potion
  8041 | Lair:1   | 8041 ||| DROPPING potion of degeneration.
  8042 | Lair:1   | 8042 ||| DROPPING potion of ambrosia.
  8129 | Lair:2   | 8129 ||| INVOKING Heroism.
  8137 | Lair:2   | Reached skill level 9 in Fighting
  8395 | Lair:2   | Noticed a boulder beetle
  8396 | Lair:2   | 8396 ||| INVOKING Heroism.
  8408 | Lair:2   | Killed a boulder beetle
  8556 | Lair:2   | Noticed an eight-headed hydra
  8557 | Lair:2   | 8557 ||| INVOKING Heroism.
  8559 | Lair:2   | Killed an eight-headed hydra
  8595 | Lair:2   | 8595 ||| READING scroll of enchant weapon.
  8595 | Lair:2   | 8595 ||| ENCHANTING +1 heavy arbalest.
  8761 | Lair:2   | 8761 ||| INVOKING Heroism.
  8984 | Lair:2   | 8984 ||| READING scroll labelled FEHESU LUGI.
  9048 | Lair:3   | 9048 ||| STAIRDANCE
  9062 | Lair:3   | 9062 ||| FLEEEEING.
  9063 | Lair:3   | 9063 ||| INVOKING Heroism.
  9069 | Lair:3   | Reached skill level 14 in Ranged Weapons
  9078 | Lair:3   | You fall into a shaft and drop 2 floors!
  9078 | Lair:5   | Entered Level 5 of the Lair of Beasts
  9089 | Lair:5   | Reached skill level 6 in Invocations
  9120 | Lair:5   | 9120 ||| INVOKING Heroism.
  9132 | Lair:5   | HP: 12/71 [rime drake/icy flash freeze (17)]
  9133 | Lair:5   | 9133 ||| READING 2 scrolls of teleportation.
  9134 | Lair:5   | 9134 ||| DRINKING 3 potions of heal wounds.
  9136 | Lair:5   | Reached ***** piety under Okawaru
  9145 | Lair:5   | HP: 13/71 [yak (12)]
  9145 | Lair:5   | HP: 5/71 [yak (8)]
  9146 | Lair:5   | 9146 ||| READING scroll of teleportation.
  9147 | Lair:5   | 9147 ||| DRINKING 2 potions of heal wounds.
  9148 | Lair:5   | 9148 ||| INVOKING Heroism.
  9148 | Lair:5   | Noticed a catoblepas
  9149 | Lair:5   | 9149 ||| INVOKING Finesse.
  9152 | Lair:5   | Killed a catoblepas
  9153 | Lair:5   | Reached XP level 12. HP: 25/76 MP: 9/17
  9402 | Lair:4   | 9402 ||| UPGRADING to quicksilver dragon scales.
  9412 | Lair:4   | 9412 ||| DROPPING +4 ring mail of Iwnenidd {Str+2}.
  9413 | Lair:4   | 9413 ||| READING 2 scrolls of identify.
  9413 | Lair:4   | 9413 ||| IDENTIFYING murky cyan potion
  9414 | Lair:4   | 9414 ||| DROPPING potion of berserk rage.
  9439 | Lair:3   | 9439 ||| INVOKING Heroism.
  9441 | Lair:3   | Reached skill level 6 in Armour
  9536 | Lair:3   | Found a hole to the Spider Nest.
  9563 | Lair:3   | Noticed a skyshark
  9570 | Lair:3   | Killed a skyshark
  9630 | Lair:3   | Noticed an eight-headed hydra
  9631 | Lair:3   | 9631 ||| INVOKING Heroism.
  9642 | Lair:3   | Identified the +0 shadow dragon scales of Elitism {rElec
                  | Stlth++++} (Okawaru gifted it to you on level 3 of the Lair
                  | of Beasts)
  9642 | Lair:3   | Received a gift from Okawaru
  9645 | Lair:3   | 9645 ||| INVOKING Heroism.
  9647 | Lair:3   | HP: 15/76 [black mamba (9)]
  9648 | Lair:3   | 9648 ||| DRINKING potion of heal wounds.
  9648 | Lair:3   | Slain by a black mamba

Levels and vault maps discovered:
D:1:      scummos_arrival_hexagon, layout_loops_ring,
          dreamdust_ecumenical_altar_hidden_monk_grotto,
          minmay_misc_feat_encased, minmay_small_reverse_x
D:2:      layout_loops_cross, minmay_tetromino_t2
D:3:      minmay_inner_zag, layout_loops_cross,
          nicolae_hepliaklqana_hazy_memory, lemuel_round_altar,
          nicolae_overflow_crystal_walls, gammafunk_ghost_split, serial_shops,
          shop, nicolae_the_louvre, uniq_ijyb
D:4:      layout_loops_ring, nicolae_shop_overcharged_wands
D:5:      minmay_evil_eye, layout_loops_ring, minmay_overflow_temple_star_quad,
          minmay_temple_entry_wispy, serial_shops, nicolae_shop_real_fake_doors
D:6:      layout_rooms, fedhas_altar_3, nicolae_wu_jian_wuxing_cycle,
          xom_confusion_cloud, uniq_sigmund
D:7:      layout_loops_corners, vehumet_statue
D:8:      layout_cave_pods, general_overflow_altar, grunt_gozag_statues,
          david_lair_shrubbed, serial_shops, shop, nicolae_shop_trees, shop,
          gammafunk_ghost_gnarly_gnolls, solitary_fountain, uniq_psyche
Temple:   kb_temple_of_zot
Lair:1:   layout_loops_ring, grunt_megastairs_1, uniq_harold, uniq_maggie
Lair:2:   layout_cave_pods
Lair:3:   layout_roguey, minmay_shoals_entry_lonely_mermaid,
          spider_nest_entry_webs
Lair:4:   layout_cave_pods, slime_entry_2
Lair:5:   evilmike_catoblepas_cave, layout_loops_ring

Skill      XL: |  1  2  3  4  5  6  7  8  9 10 11 12 |
---------------+-------------------------------------+-----
Ranged Weapons | 3 4 5 6 7 9 10 13 14 | 14.0
Fighting       | 2 3 4 5 7 8 9 |  9.1
Armour         | 1 2 3 5 7 |  7.2
Invocations    | 3 4 7 8 |  8.6
Dodging        | 2 3 4 |  4.1
Spellcasting   | |  1.0
Hexes          | |  2.6

Action                     |  1- 3 |  4- 6 |  7- 9 | 10-12 || total
---------------------------+-------+-------+-------+-------++-------
   Fire: Sling             |   102 |    92 |       |       ||   194
         Arbalest          |       |    47 |   179 |   237 ||   463
 Invoke: Heroism           |       |       |     6 |    19 ||    25
         Finesse           |       |       |       |     1 ||     1
    Use: Scroll            |     6 |     5 |     5 |     9 ||    25
         Potion            |       |     1 |     3 |     3 ||     7
 Armour: Robe              |    20 |    19 |       |       ||    39
         Leather armour    |       |    21 |    63 |    10 ||    94
         Ring mail         |       |       |    23 |   117 ||   140
         Quicksilver drago |       |       |       |    61 ||    61
  Dodge: Dodged            |    28 |    72 |   239 |   312 ||   651

Table legend:
 A = Non-vault XP
 B = Vault XP
 C = Vault XP percentage of total XP
 D = Non-vault monster count
 E = Vault monster count
 F = Vault count percentage of total count
                 A         B        C        D         E       F
            +---------+---------+-------+---------+---------+-------
      Total |   17504 |    4947 |  22.0 |     172 |      35 |  16.9
            +---------+---------+-------+---------+---------+-------
        D:1 |      25 |       5 |  16.7 |      14 |       4 |  22.2
        D:2 |       9 |       1 |  10.0 |       6 |       1 |  14.3
        D:3 |     174 |      79 |  31.2 |      19 |       5 |  20.8
        D:4 |     254 |       0 |   0.0 |      18 |       0 |   0.0
        D:5 |     459 |      61 |  11.7 |      18 |       3 |  14.3
        D:6 |    1093 |     834 |  43.3 |      14 |       9 |  39.1
        D:7 |    1347 |      32 |   2.3 |      22 |       1 |   4.3
        D:8 |    1527 |     708 |  31.7 |      15 |       2 |  11.8
     Lair:1 |    1926 |    1456 |  43.1 |      11 |       4 |  26.7
     Lair:2 |    3703 |       0 |   0.0 |      11 |       0 |   0.0
     Lair:3 |    4143 |     712 |  14.7 |      12 |       4 |  25.0
     Lair:5 |    2844 |    1059 |  27.1 |      12 |       2 |  14.3
            +---------+---------+-------+---------+---------+-------
